 Dungeon Sprint DCSS version 0.27.1 (webtiles) character file.

Game seed: 11489644879875318361

182 styxcanada the Covert (level 5, 0/29 HPs)
             Began as a Spriggan Brigand on Aug 22, 2021.
             Was an Initiate of Gozag.
             Slain by a spriggan (15 damage)
             ... in the Dungeon (Sprint IV: "Fedhas' Mad Dash").
             The game lasted 00:01:25 (121 turns).

styxcanada the Covert (Spriggan Brigand)             Turns: 121, Time: 00:01:26

Health: 0/29       AC:  3    Str:  7    XL:     5   Next: 35%
Magic:  6/6        EV: 19    Int: 13    God:    Gozag
Gold:   170        SH:  0    Dex: 17    Spells: 4/4 levels left

rFire    . . .     SeeInvis +   a - +2 dagger
rCold    . . .     Faith    .   (shield restricted)
rNeg     . . .     Spirit   .   b - +0 robe
rPois    .         Reflect  .   (helmet restricted)
rElec    .         Harm     .   c - +0 cloak
rCorr    .         Rampage  .   (gloves unavailable)
Will     .....     NoTele   +   (boots unavailable)
Stlth    ++++++....             l - amulet of invisibility {+Inv}
HPRegen  0.09/turn              (no ring)
MPRegen  0.10/turn              (no ring)

@: very slightly contaminated, very quick
A: very small, no large weapons, unfitting armour, see invisible, speed 3
a: Renounce Religion, Evoke Invisibility, Potion Petition, Call Merchant, Bribe
Branch


You were in the Dungeon.
You worshipped Gozag.
Gozag was aware of your devotion.
You visited 1 branch You collected 170 gold pieces.

Inventory:

Hand Weapons
 a - a +2 dagger (weapon)
Missiles
 d - 2 poisoned darts (quivered)
 e - 2 curare-tipped darts
Armour
 b - a +0 robe (worn)
 c - a +0 cloak (worn)
Jewellery
 l - the amulet of invisibility (around neck) {+Inv}
   (You found it in the Dungeon)

   [amulet of nothing]

   +Inv:      It lets you turn invisible.
Scrolls
 k - a scroll of blinking
 m - a scroll of magic mapping {unknown}
 n - a scroll of enchant weapon {unknown}
Potions
 f - a potion of curing
 g - a potion of heal wounds
 h - a potion of haste
 i - 2 potions of magic
 j - a potion of berserk rage


   Skills:
 * Level 3.7 Fighting
 + Level 3.1 Short Blades
 + Level 3.3 Throwing
 * Level 5.0 Dodging
 * Level 14.1 Stealth
 + Level 0.3 Evocations


You had 4 spell levels left.
You didn't know any spells.
Your spell library was empty.

Dungeon Overview and Level Annotations

Branches:
Dungeon (1/1)

Altars:
Cheibriados
Dithmenos
Elyvilon
Gozag
Hepliaklqana
Kikubaaqudgha
Makhleb
Nemelex Xobeh
Okawaru
Qazlal
Ru
Sif Muna
Trog
Uskayaw
Vehumet
Wu Jian
Xom
Yredelemnul
Zin
The Shining One
Beogh
Jiyva
Lugonu


Innate Abilities, Weirdness & Mutations

You are very small and have problems with some larger weapons.
You are too small for most types of armour.
You have supernaturally acute eyesight. (SInv)
You cover ground extremely quickly. (Speed+++)


Message History

Throw: 7 darts (poison)
Press: ? - help, Q - select action, (/) - cycle Shift-Dir - straight line, f - spriggan
Aim: a spriggan, wielding a +1 rapier of freezing and wearing a +0 robe (34% to hit)
You throw a poisoned dart. The poisoned dart hits the spriggan!
The spriggan is poisoned.
The spriggan barely misses you.
There is an open door here.
There is a corrupted altar of Lugonu here.
Throw: 6 darts (poison)
Press: ? - help, Q - select action, (/) - cycle Shift-Dir - straight line, f/p - spriggan
Aim: a spriggan, wielding a +1 rapier of freezing and wearing a +0 robe (heavily wounded, very poisoned, 34% to hit)
You throw a poisoned dart. The poisoned dart hits the spriggan!
The spriggan is poisoned.
The spriggan hits you with a +0 short sword!
There is an ancient bone altar of Kikubaaqudgha here.
Throw: 5 darts (poison)
Press: ? - help, Q - select action, (/) - cycle Shift-Dir - straight line, f/p - spriggan
Aim: a spriggan, wielding a +1 rapier of freezing and wearing a +0 robe (heavily wounded, poisoned, 34% to hit)
You throw a poisoned dart. The poisoned dart misses the spriggan.
The poisoned dart hits the scorpion!
The scorpion is poisoned.
The spriggan hits you with a +0 short sword.
The spriggan closely misses you.
There is a viscous altar of Jiyva here.
Throw: 4 darts (poison)
Press: ? - help, Q - select action, (/) - cycle Shift-Dir - straight line, f/p - spriggan
Aim: a spriggan, wielding a +1 rapier of freezing and wearing a +0 robe (severely wounded, poisoned, 34% to hit)
You throw a poisoned dart. The poisoned dart misses the spriggan.
The poisoned dart closely misses the scorpion.
There is a hazy altar of Hepliaklqana here.
There is an opulent altar of Gozag here.
Throw: 3 darts (poison)
Press: ? - help, Q - select action, (/) - cycle Shift-Dir - straight line, f/p - spriggan
Aim: a spriggan, wielding a +1 rapier of freezing and wearing a +0 robe (severely wounded, poisoned, 34% to hit)
You throw a poisoned dart. The poisoned dart misses the spriggan.
The spriggan looks more healthy.
The spriggan hits you with a +0 short sword!
Ouch! That really hurt!
You die...
Your body crumbles into a pile of gold.

#################################
P#.....#.....#.⌠._._._._.⌠.#.)($.
.'.....'.#.[.'..@i_.s._._.('..#$.
.#.....#.#†..#...i._._._...#..# #
###########+##.._._._._._..#..#
#._._._._._.⌠.#### $
$############### $


$$$$ $ $$ $ You could see 2 spriggans and a scorpion (poisoned).

Vanquished Creatures
  A scorpion (D)
  3 oklob saplings (D)
  A river rat (D)
  A rat (D)
6 creatures vanquished.

Vanquished Creatures (others)
  2 fungi (D)
2 creatures vanquished.

Grand Total: 8 creatures vanquished

Notes
Turn   | Place    | Note
-------+----------+-------------------------------------------
     0 | D        | styxcanada the Spriggan Brigand began the quest for the
                  | Orb.
     0 | D        | Reached XP level 1. HP: 10/10 MP: 2/2
    18 | D        | Reached skill level 7 in Stealth
    18 | D        | Reached XP level 2. HP: 14/15 MP: 3/3
    43 | D        | Noticed an oklob sapling
    45 | D        | Killed an oklob sapling
    46 | D        | Reached skill level 9 in Stealth
    46 | D        | Reached XP level 3. HP: 19/19 MP: 4/4
    47 | D        | Noticed a scorpion
    47 | D        | Found the amulet of invisibility {+Inv}
    49 | D        | Killed a scorpion
    50 | D        | Reached skill level 12 in Stealth
    50 | D        | Reached XP level 4. HP: 23/23 MP: 5/5
    73 | D        | Found an opulent altar of Gozag.
    73 | D        | Found a hazy altar of Hepliaklqana.
    73 | D        | Found a burning altar of Makhleb.
    73 | D        | Found a sparkling altar of Nemelex Xobeh.
    73 | D        | Found a snail-covered altar of Cheibriados.
    73 | D        | Found a sacrificial altar of Ru.
    73 | D        | Found a shimmering blue altar of Sif Muna.
    73 | D        | Found a shimmering altar of Xom.
    73 | D        | Found a basalt altar of Yredelemnul.
    74 | D        | Found a viscous altar of Jiyva.
    74 | D        | Found a bloodstained altar of Trog.
    74 | D        | Found an ornate altar of the Wu Jian Council.
    75 | D        | Found an iron altar of Okawaru.
    75 | D        | Found a shadowy altar of Dithmenos.
    75 | D        | Found a glowing silver altar of Zin.
    76 | D        | Found an ancient bone altar of Kikubaaqudgha.
    76 | D        | Found a hide-covered altar of Uskayaw.
    77 | D        | Found a stormy altar of Qazlal.
    77 | D        | Found a white marble altar of Elyvilon.
    77 | D        | Found a glowing golden altar of the Shining One.
    78 | D        | Became a worshipper of Gozag Ym Sagoz the Greedy
    79 | D        | Found a corrupted altar of Lugonu.
    79 | D        | Found a radiant altar of Vehumet.
    83 | D        | Reached skill level 13 in Stealth
    83 | D        | Reached XP level 5. HP: 28/28 MP: 3/6
    95 | D        | Reached skill level 5 in Dodging
    95 | D        | Reached skill level 14 in Stealth
   121 | D        | Slain by a spriggan

Illustrated notes

Levels and vault maps discovered:
D:        dungeon_sprint_fedhas [sprint_temple]

Skill      XL: |  1  2  3  4  5 |
---------------+----------------+-----
Dodging        | 2 3 4 5 |  5.0
Stealth        | 7 9 12 13 14 | 14.1
Fighting       | 2 3 |  3.7
Short Blades   | 3 |  3.1
Throwing       | 3 |  3.3
Evocations     | |  0.3

Action                   |  1- 3 |  4- 6 || total
-------------------------+-------+-------++-------
Melee: Dagger            |     7 |     2 ||     9
Throw: Dart              |     5 |     5 ||    10
 Abil: Evoke Invisibilit |       |     1 ||     1
 Stab: Sleeping          |     2 |     2 ||     4
Dodge: Dodged            |     2 |     2 ||     4
